 Dungeon Crawl Stone Soup version 0.31.0-9-g3a7656b989 (webtiles) character file.

Game seed: 13131354328334691578

51 qw the Shooter (level 3, -2/20 HPs)
             Began as a Deep Elf Hunter on Feb 2, 2024.
             Slain by a goblin
             ... wielding a +0 dagger
             ... led by Robin
              (3 damage)
             ... on level 2 of the Dungeon.
             The game lasted 00:00:03 (1251 turns).

qw the Shooter (Deep Elf Hunter)                    Turns: 1251, Time: 00:00:04

Health: -2/20      AC:  5    Str: 10    XL:     3   Next: 58%
Magic:  5/5        EV: 11    Int: 13    God:
Gold:   33         SH:  0    Dex: 18    Spells: 2/2 levels left

rFire   . . .        a - +0 shortbow
rCold   . . .        (shield currently unavailable)
rNeg    . . .        f - +0 ring mail
rPois   .            (no helmet)
rElec   .            (no cloak)
rCorr   .            (no gloves)
SInv    .            (no boots)
Will    +....        (no amulet)
Stlth   +            h - ring of willpower
HPRegen 0.23/turn    (no ring)
MPRegen 0.09/turn

%: no passive effects
@: no status effects
A: no striking features
a: no special abilities


You were on level 2 of the Dungeon.
You visited 1 branch of the dungeon, and saw 2 of its levels.

You collected 33 gold pieces.


   Skills:
 - Level 1.5 Fighting
 + Level 7.1 Ranged Weapons
 - Level 2.4 Dodging
 - Level 1.2 Stealth


You had 2 spell levels left.
You didn't know any spells.
Your spell library was empty.

Inventory:

Hand Weapons
 a - a +0 shortbow (weapon)
Armour
 f - a +0 ring mail (worn)
Jewellery
 b - an amulet of faith
 h - a ring of willpower (left hand)
Scrolls
 c - a scroll of brand weapon {unknown}
Potions
 e - a potion of haste
 j - a potion of attraction {unknown}

Dungeon Overview and Level Annotations

Branches:
Dungeon (2/15)

Altars:


Message History

The hobgoblin misses you.
A hobgoblin comes into view.
Robin closely misses you.
You shoot an arrow. The arrow hits Robin!
Robin is almost dead.
The hobgoblin barely misses you. Robin hits you with a +0 dagger.
A goblin comes into view. It is wielding a +0 club.
The goblin closely misses you. The hobgoblin hits you.
Robin hits you with a +0 dagger.
You shoot an arrow. The arrow barely misses Robin.
The hobgoblin hits you.
A goblin comes into view. It is wielding a +0 club.
Robin throws the goblin at you!
You shoot an arrow. The arrow barely misses Robin.
The hobgoblin no longer looks unusually strong.
The goblin no longer looks unusually strong.
The hobgoblin misses you. Robin barely misses you.
The goblin hits you but does no damage. The goblin barely misses you.
A goblin comes into view. It is wielding a +0 dagger.
You shoot an arrow. The arrow barely misses Robin.
The arrow closely misses the goblin.
The hobgoblin hits you. The hobgoblin barely misses you.
The goblin completely misses you. x2
You shoot an arrow. The arrow hits Robin.
You kill Robin!
The goblin hits you with a +0 club.
The hobgoblin hits you but does no damage.
A goblin comes into view. It is wielding a +0 club.
The goblin closely misses you. The goblin hits you but does no damage.
The goblin closely misses you. The goblin hits you but does no damage.
The hobgoblin closely misses you. The goblin barely misses you.
The hobgoblin barely misses you.
Your Ranged Weapons skill increases to level 7!
You shoot an arrow. The arrow hits the hobgoblin.
The hobgoblin is heavily wounded.
The hobgoblin no longer looks unusually strong.
The goblin hits you with a +0 club.
A goblin comes into view. It is wielding a +0 club.
The goblin hits you with a +0 dagger.
You die...

......# .# ##.#### #.#
#.##### #.# #.....#
#.##### #.###.# #.#....
#..##.# ###)..##
##...#.#######......###
...............ggg....+
##...#<#######.#@g..###
#...#.# #.#gg..#
#.....# #.###g.#
###.### #.# ..# #.# #..
g.. #.# ### #### #.#
#.# #.#


You could see 2 hobgoblins and 6 goblins.

Vanquished Creatures
  Robin (D:2)
  An adder (D:1)
  2 ball pythons (D:1)
  8 bats
  An endoplasm (D:1)
  2 giant cockroaches
  7 goblins
  2 hobgoblins (D:1)
  A frilled lizard (D:2)
  4 kobolds
  3 rats (D:1)
32 creatures vanquished.

Notes
Turn   | Place    | Note
-------+----------+-------------------------------------------
     0 | D:1      | qw the Deep Elf Hunter began the quest for the Orb.
     0 | D:1      | Reached XP level 1. HP: 12/12 MP: 3/3
     0 | D:1      | 0 ||| qw: Version: 0.3-a-155-g5e7d8dd
     0 | D:1      | 0 ||| qw: Game counter: 1507
     0 | D:1      | 0 ||| qw: Melee chars always use a shield: true
     0 | D:1      | 0 ||| qw: God list: Okawaru
     0 | D:1      | 0 ||| qw: Allow faded altars: false
     0 | D:1      | 0 ||| qw: Do Orc after clearing Dungeon:15 true
     0 | D:1      | 0 ||| qw: Do second Lair branch before Depths: true
     0 | D:1      | 0 ||| qw: Lair rune preference: random
     0 | D:1      | 0 ||| qw: Goals: Normal
     0 | D:1      | 0 ||| PLANNING D:1-11
   281 | D:1      | Reached skill level 6 in Ranged Weapons
   281 | D:1      | Reached XP level 2. HP: 16/16 MP: 4/4
   746 | D:1      | 746 ||| UPGRADING to +0 ring mail.
   756 | D:1      | 756 ||| DROPPING +0 leather armour.
   757 | D:1      | 757 ||| UPGRADING to ring of willpower.
   758 | D:1      | 758 ||| READING scroll labelled PYALLA ZIWUVYMM.
   758 | D:1      | 758 ||| IDENTIFYING fizzy cyan potion
   759 | D:1      | 759 ||| READING scroll labelled TUIPHU CESAI.
   760 | D:1      | 760 ||| READING scroll labelled UCLOUFR SAIME.
   761 | D:1      | 761 ||| DROPPING scroll of butterflies.
   800 | D:2      | 800 ||| STAIRDANCE
   813 | D:1      | Reached XP level 3. HP: 18/20 MP: 5/5
  1236 | D:2      | Noticed Robin
  1249 | D:2      | HP: 4/20 [hobgoblin[Robin] (5)]
  1250 | D:2      | Killed Robin
  1251 | D:2      | Reached skill level 7 in Ranged Weapons
  1251 | D:2      | HP: 1/20 [goblin/+0 club[Robin] (2)]
  1251 | D:2      | Slain by a goblin

Levels and vault maps discovered:
D:1:      sevenhm_arrival_forest_fort_small_4, layout_loops_ring, minivault_19,
          nicolae_figureground_pulse
D:2:      layout_loops_corners, grunt_decor_clamped, uniq_sigmund, uniq_robin

Skill      XL: |  1  2  3 |
---------------+----------+-----
Ranged Weapons | 6 7 |  7.1
Fighting       | |  1.5
Dodging        | |  2.4
Stealth        | |  1.2

Action                     || total
---------------------------++-------
   Fire: Shortbow          ||    84
    Use: Scroll            ||     3
 Armour: Leather armour    ||     4
         Ring mail         ||    27
  Dodge: Dodged            ||    33

Table legend:
 A = Non-vault XP
 B = Vault XP
 C = Vault XP percentage of total XP
 D = Non-vault monster count
 E = Vault monster count
 F = Vault count percentage of total count
                 A         B        C        D         E       F
            +---------+---------+-------+---------+---------+-------
      Total |      55 |      19 |  25.7 |      29 |       3 |   9.4
            +---------+---------+-------+---------+---------+-------
        D:1 |      41 |       0 |   0.0 |      20 |       0 |   0.0
        D:2 |      14 |      19 |  57.6 |       9 |       3 |  25.0
            +---------+---------+-------+---------+---------+-------
